Unix NetHack Version 3.7.0-102 Work-in-progress - last build Apr 6 2024 13:22:21 (d302a6a9ff6341f1a922d8f5af178406b35fdf99,branch:master). Game began 2024-04-30 10:35:48, ended 2024-04-30 11:14:42. farfar, neutral female human Tourist ----.------ |......!..| |.........| +...@h....| |..<......| ..........| ----------- Farfar the Sightseer St:12 Dx:12 Co:15 In:13 Wi:11 Ch:11 Neutral S:362 Dlvl:4 $:746 HP:0(24) Pw:6(8) AC:10 Xp:3/45 T:1505 Latest messages: You see here a chest. Hmmm, the chest turns out to be locked. Unlock it with your lock pick? [ynq] (q) You succeed in picking the lock. F - a dark blue spellbook. p - a fizzy potion named 7z (3 in total). G - a crystal wand. There are two objects here. An arrow shoots out at you! You are hit by an arrow! H - 8 arrows. I - 8 crossbow bolts. You see here an empty unlocked chest. The door opens. You feel tough! You must have been leading a healthy life-style. The newt bites! You kill the newt! Pick an object. F a fungus or mold (yellow mold) In what direction? The dart misses the yellow mold. In what direction? You kill the yellow mold! You see here 2 +2 darts. a - 2 +2 darts (at the ready) (35 in total). You find a hidden passage. You find a hidden door. The door resists! The door opens. You feel your magical energy drain away. There is an anti-magic field here. You see no objects here. You descend the stairs. Pick an object. h a humanoid (hobbit) You miss the hobbit. The hobbit hits! You miss the hobbit. The hobbit hits! You miss the hobbit. The hobbit hits! You miss the hobbit. You hear a door open. The hobbit hits! You miss the hobbit. The hobbit hits! You die... Do you want your possessions identified? [ynq] (y) Do you want to see your attributes? [ynq] (y) Inventory: Coins $ - 746 gold pieces Weapons H - 8 +0 arrows I - 8 cursed +0 crossbow bolts n - 11 +0 elven arrows a - 35 +2 darts (at the ready) o - a +1 orcish dagger (weapon in right hand) Armor j - a blessed +0 Hawaiian shirt with a plumeria motif (being worn) Comestibles d - an uncursed slime mold b - 5 uncursed food rations f - an uncursed fortune cookie v - an uncursed sprig of wolfsbane y - an uncursed tripe ration g - an uncursed tin of stir fried newt meat m - 2 uncursed tins of stir fried sewer rat meat e - an uncursed egg D - an uncursed acid blob corpse Scrolls i - 4 uncursed scrolls of magic mapping Spellbooks F - an uncursed spellbook of cure blindness E - an uncursed spellbook of detect treasure Potions h - an uncursed potion of extra healing p - 3 uncursed potions of healing named 7z z - a blessed potion of monster detection w - an uncursed potion of object detection named 50 t - a blessed potion of sleeping named 33z u - an uncursed potion of speed named 67z Wands G - a wand of digging (0:8) Tools l - an uncursed credit card r - an uncursed credit card k - an expensive camera (0:84) s - an uncursed lock pick x - an uncursed lock pick Gems/Stones q - an uncursed worthless piece of violet glass A - an uncursed worthless piece of yellowish brown glass Farfar the Tourist's attributes: Background: You were a Sightseer, a level 3 female human Tourist. You were neutral, nominally on a mission for The Lady who was opposed by Blind Io (lawful) and Offler (chaotic). You were right-handed. You were in the Dungeons of Doom, on level 4. You entered the dungeon 1505 turns ago. You had 45 experience points, 35 more were needed to attain level 4. Your score was 362 before end-of-game adjustments. Basics: You had 0 out of 24 hit points. You had 6 out of 8 energy points (spell power). Your armor class was 10. Your wallet contained 746 zorkmids. Autopickup was off. Final Characteristics: Your strength was 12 (peak:13, limit:18/100). Your dexterity was 12 (limit:18). Your constitution was 15 (limit:18). Your intelligence was 13 (limit:18). Your wisdom was 11 (limit:18). Your charisma was 11 (limit:18). Final Status: You weren't hungry. You were unencumbered. You were wielding a dagger. You were unskilled in dagger. Final Attributes: You were fervently aligned. You are dead. Miscellaneous: You never encountered a bones level. Total elapsed playing time was 38 minutes and 52 seconds. Major events: Turn 1: farfar the neutral female human Tourist entered the dungeon 1339: attained the rank of Sightseer (level 3) 1505: killed by a hobbit Vanquished creatures: an acid blob a large kobold a yellow mold a gecko 2 goblins 3 grid bugs 4 lichens 5 newts 18 creatures vanquished. No species were genocided or became extinct. Voluntary challenges: You were an atheist. You read items or engraved 3 times. You never engraved Elbereth. You never genocided any monsters. You never polymorphed an object. You never changed form. You used no wishes. Achievements: You entered a shop. You attained the rank of Sightseer. The Dungeons of Doom: levels 1 to 4 Level 1: Level 2: A sink. Level 3: A fountain. Level 4: <- You were here. Final resting place for you, killed by a hobbit. Game over: ---------- / \ / REST \ / IN \ / PEACE \ / \ | farfar | | 746 Au | | killed by a | | hobbit | | | | | | 2024 | *| * * * | * _________)/\\_//(\/(/\)/\//\/|_)_______ Aloha farfar the Tourist... You died in The Dungeons of Doom on dungeon level 4 with 359 points, and 746 pieces of gold, after 1505 moves. You were level 3 with a maximum of 24 hit points when you died.